cohdb
Replays
Latest Replays
All Replays
Popular Replays
Top Player Replays
Match Explorer
How It Works
Community
CoH3 Stats
Reddit
Sign in to upload your games and track your stats! →
Sign in with Steam
Match 42787426
Unlisted
Match 42787426
Overview
Messages
Build Orders
End
Construct Infanterie Kompanie
Kettenkrad Recon Vehicle
Selects Mechanized Battlegroup
Grenadier Squad
MG 42 Machine Gun Team
Grenadier Squad
Construct Panzergrenadier Kompanie
251 Medium Carrier
Panzergrenadier Squad
Selects Mobile Repair Stations
Panzergrenadier Squad
MG 42 Machine Gun Team
Panzergrenadier Officer Quarters
Pak 40 Anti-tank Gun Team
Medical Station
Selects Raid Package
Construct Panzer Kompanie
Panzergrenadier Squad
Stoßtruppen Squad
Selects 8 Rad Armored Car
Selects UNKNOWN (2160084)
Selects Wespe Self-propelled Artillery
Panther Heavy Tank
adt.Gromph
Ssezra
Adelfos88
NachoMz_HQ YT
Haris
Thomas Shelby
.
Purple Cross
0
0
Comments
sign in to comment!
No comments posted yet!